 Dungeon Crawl Stone Soup version 0.22.0-27-ga576289601 (webtiles) character file.

91 Loge the Unweaver (level 4, 0/36 HPs)
             Began as a Demonspawn Abyssal Knight on Aug 22, 2018.
             Was a Follower of Lugonu.
             Slain by an adder (2 damage)
             ... on level 3 of the Dungeon.
             The game lasted 00:04:22 (2655 turns).

Loge the Unweaver (Demonspawn Abyssal Knight)       Turns: 2655, Time: 00:04:22

Health: 0/36       AC:  3    Str: 13    XL:     4   Next: 34%
Magic:  6/6        EV: 11    Int: 13    God:    Lugonu [*.....]
Gold:   77         SH:  0    Dex: 13    Spells: 3/3 levels left

rFire    . . .     SeeInvis .   a - +1 mace
rCold    . . .     Gourm    .   (no shield)
rNeg     . . .     Faith    .   b - +0 leather armour
rPois    .         Spirit   .   (no helmet)
rElec    .         Reflect  .   (no cloak)
rCorr    .         Harm     .   (no gloves)
MR       .....                  (no boots)
Stlth    +.........             (no amulet)
HPRegen  0.12/turn              (no ring)
MPRegen  0.10/turn              (no ring)

@: lethally poisoned (0 -> -6)
A: demonic guardian 1
a: Depart the Abyss, Renounce Religion


You were on level 3 of the Dungeon.
You worshipped Lugonu.
Lugonu was aware of your devotion.
You were hungry.

You visited 1 branch of the dungeon, and saw 3 of its levels.
You visited the Abyss 1 time.

You collected 77 gold pieces.

Inventory:

Hand Weapons
 a - a +1 mace (weapon)
Missiles
 e - 12 poisoned needles
 f - 61 arrows
 j - 88 stones (quivered)
Armour
 b - a +0 leather armour (worn)
 g - a +0 large shield
Jewellery
 d - an uncursed ring of fire {unknown}
 m - an uncursed amulet of guardian spirit {unknown}
Scrolls
 i - a scroll of teleportation {unknown}
 k - a scroll of identify {unknown}
 n - a scroll of fear {unknown}
 o - a scroll of enchant armour {unknown}
 p - a scroll of amnesia {unknown}
Potions
 h - a potion of invisibility {unknown}
 l - a potion of brilliance {unknown}
Comestibles
 c - 3 rations


   Skills:
 + Level 3.6 Fighting
 * Level 3.1 Maces & Flails
 - Level 1.9 Armour
 - Level 1.0 Dodging
 + Level 3.6 Invocations


You had 3 spell levels left.
You didn't know any spells.
Your spell library was empty.

Dungeon Overview and Level Annotations

Branches:
Dungeon (3/15)

Altars:
Vehumet


Innate Abilities, Weirdness & Mutations

A weak demonic guardian rushes to your aid.


Message History

You feel sick. The adder bites you.
* * * LOW HITPOINT WARNING * * *
You barely miss the adder.
The adder is almost dead.
* * * LOW HITPOINT WARNING * * *
You feel sick. The adder closely misses you. The adder bites you.
* * * LOW HITPOINT WARNING * * *
You closely miss the adder.
The adder is almost dead.
* * * LOW HITPOINT WARNING * * *
You feel sick. The adder closely misses you. The adder bites you.
* * * LOW HITPOINT WARNING * * *
You hit the adder.
The adder is almost dead.
* * * LOW HITPOINT WARNING * * *
You feel sick. The adder barely misses you.
You miss the adder.
The adder is almost dead.
The adder bites you.
You die...

##########
.........#
.........#
..<......#
.........#
.!.......#
.......S.#
.......@.#
.........#
##########


You could see an adder.

Vanquished Creatures
  3 adders
  3 worms (D:2)
  2 dart slugs (D:2)
  An orc (D:2)
  2 ball pythons
  9 giant cockroaches (D:2)
  7 goblins
  6 hobgoblins
  3 jackals (D:2)
  2 kobolds (D:2)
  A quokka (D:2)
  3 bats
  2 frilled lizards
  A rat (D:1)
45 creatures vanquished.

Notes
Turn   | Place    | Note
-------+----------+-------------------------------------------
     0 | Abyss:1  | Loge the Demonspawn Abyssal Knight began the quest for the Orb.
     0 | Abyss:1  | Reached XP level 1. HP: 18/18 MP: 2/2
     0 | D:1      | Escaped the Abyss
    27 | D:1      | Reached skill level 1 in Dodging
    44 | D:1      | Reached * piety under Lugonu
   213 | D:1      | Gained mutation: A weak demonic guardian rushes to your aid. [demonic ancestry]
   213 | D:1      | Reached XP level 2. HP: 22/24 MP: 4/4
  1310 | D:2      | Reached XP level 3. HP: 26/29 MP: 5/5
  1668 | D:2      | Found a radiant altar of Vehumet.
  1944 | D:2      | Reached XP level 4. HP: 31/35 MP: 6/6
  2655 | D:3      | Slain by an adder

Skill      XL: |  1  2  3  4 |
---------------+-------------+-----
Dodging        | 1 |  1.0
Maces & Flails | 2 3 |  3.1
Invocations    | 3 |  3.6
Fighting       | |  3.6
Armour         | |  1.9

Action                   |  1- 3 |  4- 6 || total
-------------------------+-------+-------++-------
Melee: Mace              |   143 |    49 ||   192
Invok: Depart the Abyss  |     1 |       ||     1
 Stab: Sleeping          |     1 |       ||     1
  Eat: Chunk             |     3 |     2 ||     5
Armor: Leather armour    |    57 |    11 ||    68
Dodge: Dodged            |   111 |    37 ||   148
